 Seeded DCSS version 0.27-a0-1202-ge72e49191c (webtiles) character file.

Game seed: 20210604 (custom seed)

114 Snicker the Chopper (level 4, -9/37 HPs)
             Began as a Minotaur Gladiator on June 4, 2021.
             Mangled by Sigmund
             ... wielding a +0 scythe
              (10 damage)
             ... on level 3 of the Dungeon.
             The game lasted 00:03:51 (2167 turns).

Snicker the Chopper (Minotaur Gladiator)            Turns: 2167, Time: 00:03:51

Health: -9/37      AC:  3    Str: 18    XL:     4   Next: 66%
Magic:  3/3        EV: 12    Int:  5    God:
Gold:   109        SH:  0    Dex: 13    Spells: 3/3 levels left

rFire    . . .     SeeInvis .   a - +0 war axe
rCold    . . .     Faith    .   (no shield)
rNeg     . . .     Spirit   .   b - +0 leather armour
rPois    .         Reflect  .   c - +0 hat
rElec    .         Harm     .   (no cloak)
rCorr    .         Rampage  .   (no gloves)
Will     .....                  (no boots)
Stlth    +.........             (no amulet)
HPRegen  0.12/turn              (no ring)
MPRegen  0.08/turn              (no ring)

@: confused
A: horns 2, retaliatory headbutt
a: no special abilities


You were on level 3 of the Dungeon.
You visited 1 branch of the dungeon, and saw 3 of its levels.

You collected 109 gold pieces.

Inventory:

Hand Weapons
 a - a +0 war axe (weapon)
Missiles
 d - 3 throwing nets (quivered)
Armour
 b - a +0 leather armour (worn)
 c - a +0 hat (worn)
Jewellery
 p - an amulet of reflection
 r - a ring of fire
Scrolls
 e - a scroll of teleportation {unknown}
 g - a scroll of noise {unknown}
 h - a scroll of fog {unknown}
 j - a scroll of enchant armour {unknown}
 m - 3 scrolls of identify {unknown}
 o - a scroll of magic mapping {unknown}
 q - a scroll of amnesia {unknown}
Potions
 f - a potion of brilliance
 i - a potion of flight


   Skills:
 + Level 2.9 Fighting
 + Level 5.3 Axes
 + Level 2.2 Throwing
 + Level 2.1 Armour
 + Level 3.7 Dodging


You had 3 spell levels left.
You didn't know any spells.
Your spell library contained the following spells:

 Spells                   Type           Power      Damage    Failure   Level
 Confusing Touch          Hex            0%         N/A       88%         3
 Gell's Gravitas          Tloc           0%         N/A       88%         3
 Petrify                  Tmut/Erth      0%         N/A       99%         4
 Metabolic Englaciation   Hex/Ice        0%         N/A       100%        5
 Yara's Violent Unravell  Hex/Tmut       0%         3d3       100%        5


Dungeon Overview and Level Annotations

Branches:
Dungeon (3/15)

Altars:

Annotations:
D:3 Sigmund


Innate Abilities, Weirdness & Mutations

You have a pair of horns on your head.
You reflexively headbutt those who attack you in melee.


Message History

The stone barely misses you.
It was a potion of heal wounds.
You feel much better. Sigmund casts a spell at you.
You are confused.
It was a potion of might.
You feel very mighty all of a sudden.
The kobold throws a stone.
The stone barely misses you.
Sigmund hits you from afar with a +0 scythe.
It was a potion of cancellation.
Your magical effects are unravelling.
You feel magically purged.
You float gracefully downwards.
You feel less confused.
You feel a little less mighty now.
You feel a little less clever now.
The kobold throws a stone.
The stone closely misses you.
Sigmund gestures at himself while chanting.
Sigmund flickers and vanishes!
Deactivating autopickup; reactivate with Ctrl-A.
Something barely misses you.
You barely miss something. You headbutt something!
Something completely misses you.
You slash something! Something hits you!
The kobold throws a stone.
The stone completely misses you.
You miss something. Your headbutt misses something.
You hear some strange, mumbled words.
You are confused.
Something hits you! The kobold barely misses you.
You're too confused to move!
Something hits you.
* * * LOW HITPOINT WARNING * * *
The kobold hits you with a +0 whip.
* * * LOW HITPOINT WARNING * * *
You completely miss something. You barely miss the kobold.
Something barely misses you. The kobold hits you with a +0 whip.
* * * LOW HITPOINT WARNING * * *
Something hits you.
* * * LOW HITPOINT WARNING * * *
The kobold hits you but does no damage.
Okay, then.
Unknown command.
You're too confused to move!
Something hits you!
You die...

######## ###......#
.........# ... #.
......{.$# #######....#.
......K..###..........+.
.......@.....####.....#.
.............####.......
.#.(.....##.....#.#..##.
........................
.##.....###.....#.#.# #.
###...........#.#.###.
#######..##.........
#..##.........
#..##........#


You could see a kobold.

Vanquished Creatures
  Robin (D:2)
  3 adders (D:2)
  3 worms (D:2)
  A dart slug (D:2)
  4 endoplasms (D:1)
  3 giant cockroaches (D:2)
  11 goblins
  4 hobgoblins
  5 jackals
  2 quokkas
  2 ball pythons (D:2)
  6 bats
  2 frilled lizards (D:1)
  6 kobolds (D:1)
  13 rats
66 creatures vanquished.

Vanquished Creatures (others)
  9 plants (D:1)
  5 toadstools (D:1)
14 creatures vanquished.

Grand Total: 80 creatures vanquished

Notes
Turn   | Place    | Note
-------+----------+-------------------------------------------
     0 | D:1      | Snicker the Minotaur Gladiator began the quest for the Orb.
     0 | D:1      | Reached XP level 1. HP: 18/18 MP: 0/0
    25 | D:1      | Reached XP level 2. HP: 7/25 MP: 1/1
    27 | D:1      | Reached skill level 4 in Axes
   749 | D:1      | Found a faded altar of an unknown god.
   924 | D:2      | Reached XP level 3. HP: 17/30 MP: 2/2
  1202 | D:2      | Reached skill level 1 in Armour
  1217 | D:2      | Reached XP level 4. HP: 14/37 MP: 3/3
  1440 | D:2      | Reached skill level 5 in Axes
  1487 | D:2      | Noticed Robin
  1510 | D:2      | Killed Robin
  2152 | D:3      | Noticed Sigmund
  2166 | D:3      | HP: 1/37 [something (4)]
  2167 | D:3      | Mangled by Sigmund

Illustrated notes

Levels and vault maps discovered:
D:1:      ldierk_walled_garden, layout_rooms,
          shapermc_ecumenical_altar_mp_ritualfount, minmay_strange_pillars,
          lexackson_kobold_supper
D:2:      layout_loops_ring, st_stairs_5, minivault_14, minmay_misc_feat_roman,
          minmay_tetromino_t4, uniq_robin
D:3:      cheibrodos_fertilizer, layout_basic, tso_altar, serial_shops,
          shop_statue, glass_columns_b, corexii_shack, uniq_sigmund

Skill      XL: |  1  2  3  4 |
---------------+-------------+-----
Axes           | 4 5 |  5.3
Armour         | 1 2 |  2.1
Fighting       | |  2.9
Throwing       | |  2.2
Dodging        | |  3.7

Action                   |  1- 3 |  4- 6 || total
-------------------------+-------+-------++-------
Melee: War axe           |    69 |    44 ||   113
       Headbutt          |    10 |     6 ||    16
  Use: Potion            |       |     5 ||     5
 Stab: Sleeping          |       |     1 ||     1
Armor: Leather armour    |    32 |     8 ||    40
Dodge: Dodged            |    59 |    31 ||    90

Table legend: (Time is in decaauts)
 A = Elapsed time spent in this place.
 B = Non-inter-level travel time spent in this place.
 C = Inter-level travel time spent in this place.
 D = Time resting spent in this place.
 E = Time spent auto-exploring this place.
 F = Levels seen in this place.
 G = Mean time per level.
                   A        B        C        D        E       F      G
               +--------+--------+--------+--------+--------+-----+--------+
         Total |   2197 |   2144 |     53 |      0 |   1739 |   3 |  732.3 |
       Dungeon |   2197 |   2144 |     53 |      0 |   1739 |   3 |  732.3 |
               +--------+--------+--------+--------+--------+-----+--------+

Top non-repeatable levels by time:
     D:2: 1233 daAuts
     D:1: 917 daAuts
     D:3: 45 daAuts
